 Dungeon Crawl Stone Soup version 0.23.2-33-g5129a83184 (console) character file.

Game seed: 15051867679394500819

84 FlyingSalmon the Poker (level 4, -3/34 HPs)
             Began as a Merfolk Gladiator on July 27, 2019.
             Slain by a goblin
             ... wielding a +0 dagger
             ... led by Robin
              (5 damage)
             ... on level 2 of the Dungeon on July 28, 2019.
             The game lasted 00:03:33 (1699 turns).

FlyingSalmon the Poker (Merfolk Gladiator)          Turns: 1699, Time: 00:03:34

Health: -3/34      AC:  6    Str: 15    XL:     4   Next: 46%
Magic:  4/4        EV: 13    Int:  7    God:
Gold:   62         SH:  0    Dex: 15    Spells: 3/3 levels left

rFire    . . .     SeeInvis .   a - +0 trident
rCold    . . .     Gourm    .   (no shield)
rNeg     . . .     Faith    .   l - +0 ring mail
rPois    .         Spirit   .   c - +0 helmet
rElec    .         Reflect  .   (no cloak)
rCorr    .         Harm     .   (no gloves)
MR       .....                  (no boots)
Stlth    +.........             (no amulet)
HPRegen  0.11/turn              (no ring)
MPRegen  0.09/turn              (no ring)

@: no status effects
A: change form in water, swift swim, stealthy swim
a: no special abilities


You were on level 2 of the Dungeon.
You were hungry.

You visited 1 branch of the dungeon, and saw 2 of its levels.

You collected 62 gold pieces.

Inventory:

Hand Weapons
 a - a +0 trident (weapon)
Missiles
 d - 2 throwing nets
 e - 21 stones
 i - 3 tomahawks (quivered)
Armour
 b - a +0 leather armour
 c - a +0 helmet (worn)
 l - a +0 ring mail (worn)
Scrolls
 g - 2 scrolls of remove curse
 k - a scroll of teleportation {unknown}
 n - a scroll of random uselessness {unknown}
Potions
 h - 2 potions of haste
 j - a potion of degeneration {unknown}
Comestibles
 f - 3 rations
 m - 3 chunks of flesh


   Skills:
 + Level 2.5 Fighting
 + Level 6.2 Polearms
 - Level 2.0 Throwing
 + Level 0.7 Armour
 + Level 4.8 Dodging


You had 3 spell levels left.
You didn't know any spells.
Your spell library was empty.

Dungeon Overview and Level Annotations

Branches:
Dungeon (2/15)

Altars:

Annotations:
D:2 Robin


Message History

The goblin hits you but does no damage. The goblin barely misses you. x2
You hit the goblin.
The goblin is moderately wounded.
The goblin hits you.
* * * LOW HITPOINT WARNING * * *
The goblin barely misses you. The goblin hits you with a +0 dagger.
* * * LOW HITPOINT WARNING * * *
The goblin hits you but does no damage.
Your ring mail prevents you from hitting the goblin.
The goblin is moderately wounded.
The goblin barely misses you. x2; The goblin hits you but does no damage. x2
You hit the goblin but do no damage.
The goblin is moderately wounded.
The goblin hits you but does no damage. The goblin barely misses you.
The goblin closely misses you. The goblin barely misses you.
You are feeling hungry.
You closely miss the goblin.
The goblin is moderately wounded.
The goblin completely misses you. The goblin hits you with a +0 dagger.
You die...

#........
#<.# #..#
#..# #..# #
##..##.#
#[.....#
#...####
#...g@g#####.
#..[#gggr.(..
#.....#####..
#.#.#.#
#..#.#.#
#.##.#.# #.
#.#.# #.
#.#.. #.
#.###


You could see Robin, 4 goblins and a rat.

Vanquished Creatures
  Terence (D:1)
  Natasha (D:2)
  A dart slug (D:1)
  A leopard gecko (D:1)
  2 giant cockroaches (D:1)
  7 hobgoblins
  A ball python (D:1)
  A frilled lizard (D:1)
  7 goblins
  6 kobolds (D:1)
  A rat (D:1)
29 creatures vanquished.

Notes
Turn   | Place    | Note
-------+----------+-------------------------------------------
     0 | D:1      | FlyingSalmon the Merfolk Gladiator began the quest for the
                  | Orb.
     0 | D:1      | Reached XP level 1. HP: 16/16 MP: 1/1
   210 | D:1      | Reached XP level 2. HP: 18/22 MP: 2/2
   213 | D:1      | Reached skill level 5 in Polearms
   359 | D:1      | HP: 1/22 [kobold/+0 club (3)]
  1048 | D:1      | Reached XP level 3. HP: 28/28 MP: 3/3
  1514 | D:2      | Noticed Terence
  1519 | D:2      | Noticed Natasha
  1541 | D:1      | Killed Terence
  1582 | D:2      | Killed Natasha
  1582 | D:2      | Reached skill level 6 in Polearms
  1582 | D:2      | Reached XP level 4. HP: 25/34 MP: 4/4
  1682 | D:2      | Noticed Robin
  1696 | D:2      | HP: 1/34 [goblin/+0 dagger[Robin] (2)]
  1699 | D:2      | Slain by a goblin

Skill      XL: |  1  2  3 |
---------------+----------+-----
Polearms       | 5 6 |  6.2
Fighting       | |  2.5
Throwing       | |  2.0
Armour         | |  0.7
Dodging        | |  4.8

Action                   |  1- 3 |  4- 6 || total
-------------------------+-------+-------++-------
Melee: Trident           |    86 |    12 ||    98
Throw: Stone             |     3 |       ||     3
       Tomahawk          |     6 |     4 ||    10
       Throwing net      |     1 |       ||     1
  Use: Scroll            |     2 |       ||     2
 Stab: Sleeping          |     1 |       ||     1
       Held in net/web   |     1 |       ||     1
  Eat: Chunk             |     2 |       ||     2
Armor: Leather armour    |    15 |       ||    15
       Ring mail         |     4 |    11 ||    15
Dodge: Dodged            |    54 |    19 ||    73
